AAA EAST
DURHAM BULLS @ IOWA CUBS
05/28/2042
 
TOP OF THE 1ST
Durham Bulls batting - Pitching for Iowa Cubs : LHP Chad Edmonds
Pitching: LHP Chad Edmonds
Batting: RHB Cristián Baudillo 0-0: Called Strike
0-1: Ball
1-1: Ball
2-1: Called Strike
2-2: Foul Ball, location: 3F
2-2: Ball
3-2: Fly out, F8 (Flyball, 8RD, EV 97.5 MPH)
Batting: RHB Lou González 0-0: Called Strike
0-1: Called Strike
0-2: Strikes out looking
Batting: SHB Walt Howell 0-0: Fly out, F8 (Flyball, 89D, EV 107.5 MPH)
Top of the 1st over - 0 runs, 0 hits, 0 errors, 0 left on base; Durham 0 - Iowa 0
BOTTOM OF THE 1ST
Iowa Cubs batting - Pitching for Durham Bulls : RHP Pat Jones
Pitching: RHP Pat Jones
Batting: RHB Donmaz Chavchavadze 0-0: Ball
1-0: Called Strike
1-1: Swinging Strike
1-2: Ball
2-2: Strikes out swinging
Batting: RHB Víctor Aquino 0-0: Ball
1-0: Swinging Strike
1-1: Called Strike
1-2: Ball
2-2: Strikes out swinging
Batting: LHB Mauro Martínez 0-0: DOUBLE (Line Drive, 9LS, EV 98.1 MPH)
Batting: RHB José Féliz 0-0: Swinging Strike
0-1: Ball
1-1: Ball
2-1: Foul Ball, location: 3F
2-2: Ball
3-2: Fly out, F4 (Popup, 34D, EV 53.1 MPH)
Bottom of the 1st over - 0 runs, 1 hit, 0 errors, 1 left on base; Durham 0 - Iowa 0
TOP OF THE 2ND
Durham Bulls batting - Pitching for Iowa Cubs : LHP Chad Edmonds
Batting: LHB Heriberto Mellane 0-0: Ball
1-0: SINGLE (Line Drive, 6MD, EV 101.9 MPH)
Batting: LHB Ron Johns 0-0: Called Strike
0-1: Ball
1-1: Ball
2-1: Foul Ball, location: 5FF
2-2: Fly out, F9 (Flyball, 9, EV 75.0 MPH)
Batting: RHB César Carrillo 0-0: Ball
1-0: Called Strike
1-1: Ball
2-1: Ball
3-1: Swinging Strike
3-2: Base on Balls
Heriberto Mellane to second
Batting: LHB Jon Moore 0-0: Ball
1-0: Called Strike
1-1: Foul Ball, location: 7LMF
1-2: Strikes out swinging
Batting: RHB Oliver Gallego 0-0: Ball
1-0: 3-RUN HOME RUN (Flyball, 7D, EV 96.9 MPH), Distance : 379 ft
Batting: RHB Tony Rincón 0-0: Ball
1-0: Foul Ball, location: 9LDF
1-1: Ball
2-1: Ball
3-1: Base on Balls
Batting: RHB Cristián Baudillo 0-0: Ball
1-0: Swinging Strike
1-1: Ball
2-1: Foul Ball, location: 2F
2-2: Ball
3-2: Base on Balls
Tony Rincón to second
Batting: RHB Lou González 0-0: Ball
1-0: Foul Ball, location: 7LSF
1-1: Called Strike
1-2: Ball
2-2: Strikes out swinging
Top of the 2nd over - 3 runs, 2 hits, 0 errors, 2 left on base; Durham 3 - Iowa 0
BOTTOM OF THE 2ND
Iowa Cubs batting - Pitching for Durham Bulls : RHP Pat Jones
Batting: LHB Eric Roach 0-0: Called Strike
0-1: Ball
1-1: Foul Ball, location: 7LSF
1-2: Foul Ball, location: 25F
1-2: Ball
2-2: Foul Ball, location: 2F
2-2: Ball
3-2: Ground out 3-1 (Groundball, 34, EV 78.8 MPH)
Batting: RHB Jimmy Shaw 0-0: DOUBLE (Flyball, 8RXD, EV 105.6 MPH)
Batting: LHB Stan West 0-0: Ball
1-0: Ball
2-0: Called Strike
2-1: Ground out 4-3 (Groundball, 4, EV 86.9 MPH)
Jimmy Shaw to third
Batting: RHB Jeff Jones 0-0: Called Strike
0-1: SINGLE (Line Drive, 7S, EV 94.4 MPH)
Jimmy Shaw scores
Batting: RHB Wilson Díaz 0-0: Swinging Strike
0-1: Ball
Jeff Jones steals 2nd base
1-1: Ball
2-1: Foul Ball, location: 5F
2-2: Ground out 5-3 (Groundball, 56S, EV 94.4 MPH)
Bottom of the 2nd over - 1 run, 2 hits, 0 errors, 1 left on base; Durham 3 - Iowa 1
TOP OF THE 3RD
Durham Bulls batting - Pitching for Iowa Cubs : LHP Chad Edmonds
Batting: SHB Walt Howell 0-0: Ball
1-0: Ball
2-0: Called Strike
2-1: Foul Ball, location: 9LSF
2-2: Foul Ball, location: 3F
2-2: Ground out 5-3 (Groundball, 56, EV 72.5 MPH)
Batting: LHB Heriberto Mellane 0-0: Fly out, F8 (Flyball, 8LD, EV 103.8 MPH)
Batting: LHB Ron Johns 0-0: Ball
1-0: Ball
2-0: Ball
3-0: Base on Balls
Batting: RHB César Carrillo 0-0: Ball
1-0: Ground out 4-3 (Groundball, 4, EV 77.5 MPH)
Top of the 3rd over - 0 runs, 0 hits, 0 errors, 1 left on base; Durham 3 - Iowa 1
BOTTOM OF THE 3RD
Iowa Cubs batting - Pitching for Durham Bulls : RHP Pat Jones
Batting: RHB Donmaz Chavchavadze 0-0: Ball
1-0: Ball
2-0: Ball
3-0: Called Strike
3-1: DOUBLE (Line Drive, 8RXD, EV 104.4 MPH)
Batting: RHB Víctor Aquino 0-0: Ball
1-0: Swinging Strike
1-1: Foul Ball, location: 2F
1-2: Ground out 5-3 (Groundball, 56, EV 89.4 MPH)
Donmaz Chavchavadze to third
Batting: LHB Mauro Martínez 0-0: Called Strike
0-1: Ball
Wild Pitch!
Donmaz Chavchavadze scores
1-1: Fly out, F9 (Flyball, 89S, EV 91.3 MPH)
Batting: RHB José Féliz 0-0: Ball
1-0: Ball
2-0: Called Strike
2-1: Swinging Strike
2-2: Ball
3-2: Foul Ball, location: 25FF
3-2: Fly out, F8 (Line Drive, 8RM, EV 90.6 MPH)
Bottom of the 3rd over - 1 run, 1 hit, 0 errors, 0 left on base; Durham 3 - Iowa 2
TOP OF THE 4TH
Durham Bulls batting - Pitching for Iowa Cubs : LHP Chad Edmonds
Batting: LHB Jon Moore 0-0: Fly out, F7 (Flyball, 78S, EV 81.9 MPH)
Batting: RHB Oliver Gallego 0-0: Called Strike
0-1: Foul Ball, location: 23F
0-2: Foul Ball, location: 9LMF
0-2: Ball
1-2: Strikes out swinging
Batting: RHB Tony Rincón 0-0: Ball
1-0: Swinging Strike
1-1: Ground out 4-3 (Groundball, 4, EV 88.1 MPH)
Top of the 4th over - 0 runs, 0 hits, 0 errors, 0 left on base; Durham 3 - Iowa 2
BOTTOM OF THE 4TH
Iowa Cubs batting - Pitching for Durham Bulls : RHP Pat Jones
Batting: LHB Eric Roach 0-0: Called Strike
0-1: Called Strike
0-2: Strikes out swinging
Batting: RHB Jimmy Shaw 0-0: Ball
1-0: Foul Ball, location: 3F
1-1: Ball
2-1: Swinging Strike
2-2: DOUBLE (Flyball, 8RXD, EV 110.0 MPH)
Batting: LHB Stan West 0-0: Called Strike
0-1: Ball
1-1: Foul Ball, location: 2F
1-2: Ball
2-2: TRIPLE (Line Drive, 9LD, EV 98.1 MPH)
Jimmy Shaw scores
Batting: RHB Jeff Jones 0-0: Swinging Strike
0-1: Ground out 5-3 (Groundball, 5S, EV 83.1 MPH)
Batting: RHB Wilson Díaz 0-0: Called Strike
0-1: Swinging Strike
0-2: Ball
1-2: Foul Ball, location: 5F
1-2: Foul Ball, location: 2RF
1-2: Ball
2-2: Foul Ball, location: 2F
2-2: DOUBLE (Line Drive, 89XD, EV 102.5 MPH)
Stan West scores
Batting: RHB Donmaz Chavchavadze 0-0: Ball
1-0: Ball
2-0: Ground out 6-3 (Groundball, 6, EV 103.8 MPH)
Bottom of the 4th over - 2 runs, 3 hits, 0 errors, 1 left on base; Durham 3 - Iowa 4
TOP OF THE 5TH
Durham Bulls batting - Pitching for Iowa Cubs : LHP Chad Edmonds
Batting: RHB Cristián Baudillo 0-0: Ball
1-0: Ball
2-0: Called Strike
2-1: Called Strike
2-2: SINGLE (Line Drive, 8LS, EV 100.0 MPH)
Batting: RHB Lou González 0-0: Swinging Strike
0-1: Ball
1-1: Swinging Strike
1-2: Strikes out swinging
Batting: SHB Walt Howell 0-0: Foul Ball, location: 23F
0-1: Foul Ball, location: 3SF
0-2: Grounds into double play, 6-4-3 (Groundball, 6S, EV 88.8 MPH)
Top of the 5th over - 0 runs, 1 hit, 0 errors, 0 left on base; Durham 3 - Iowa 4
BOTTOM OF THE 5TH
Iowa Cubs batting - Pitching for Durham Bulls : RHP Pat Jones
Batting: RHB Víctor Aquino 0-0: Ball
1-0: Ball
2-0: Ball
3-0: Foul Ball, location: 23FF
3-1: Base on Balls
Batting: LHB Mauro Martínez 0-0: Ball
Víctor Aquino steals 2nd base
1-0: Ball
2-0: Ball
3-0: Foul Ball, location: 3F
3-1: Base on Balls
Batting: RHB José Féliz 0-0: Foul Ball, location: 23F
0-1: Ball
1-1: Foul Ball, location: 7LMF
1-2: Strikes out swinging
Batting: LHB Eric Roach 0-0: Ball
1-0: Ball
2-0: SINGLE (Line Drive, 89S, EV 84.4 MPH)
Víctor Aquino to third
Mauro Martínez to second
Runner from 3rd tries for Home, SAFE, throw by CF to home
Pitching: LHP Ben Grundy
Batting: RHB Jimmy Shaw 0-0: Foul Ball, location: 9LSF
0-1: Ball
1-1: Swinging Strike
1-2: Ball
2-2: Strikes out looking
Batting: LHB Stan West 0-0: Fly out, F9 (Flyball, 89S, EV 96.9 MPH)
Bottom of the 5th over - 1 run, 1 hit, 0 errors, 2 left on base; Durham 3 - Iowa 5
TOP OF THE 6TH
Durham Bulls batting - Pitching for Iowa Cubs : LHP Chad Edmonds
Batting: LHB Heriberto Mellane 0-0: Foul Ball, location: 3F
0-1: Ball
1-1: Fly out, F8 (Flyball, 89D, EV 98.1 MPH)
Batting: LHB Ron Johns 0-0: Ball
1-0: Ball
2-0: Swinging Strike
2-1: Foul Ball, location: 2F
2-2: Ground out 4-3 (Groundball, 4, EV 83.1 MPH)
Batting: RHB César Carrillo 0-0: Ball
1-0: Called Strike
1-1: Ball
2-1: Ball
3-1: Foul Ball, location: 2F
3-2: Strikes out swinging
Top of the 6th over - 0 runs, 0 hits, 0 errors, 0 left on base; Durham 3 - Iowa 5
BOTTOM OF THE 6TH
Iowa Cubs batting - Pitching for Durham Bulls : LHP Ben Grundy
Batting: RHB Jeff Jones 0-0: Ball
1-0: Ball
2-0: Ball
3-0: Base on Balls
Batting: RHB Wilson Díaz 0-0: Bunt missed!
0-1: Sac Bunt to 23 - play at first, batter OUT! 3-4
Jeff Jones to second
Batting: RHB Donmaz Chavchavadze 0-0: Called Strike
0-1: Ball
Wild Pitch!
Jeff Jones to third
1-1: SINGLE (Flyball, 8RS, EV 87.5 MPH)
Jeff Jones scores
Batting: RHB Víctor Aquino 0-0: Ball
1-0: Ball
Donmaz Chavchavadze steals 2nd base
2-0: SINGLE (Groundball, 4MS, EV 70.0 MPH) (infield hit)
Donmaz Chavchavadze to third
Pinch Runner at 1st Greg Stewart:
Batting: LHB Mauro Martínez 0-0: Called Strike
0-1: Foul Ball, location: 23F
0-2: Ball
1-2: Fielders Choice at 2nd, 4-6 (Groundball, 4, EV 87.5 MPH)
Donmaz Chavchavadze scores
Now at SS: Chris Adams
Batting: RHB José Féliz 0-0: Ball
1-0: Fly out, F7 (Flyball, 78M, EV 94.4 MPH)
Bottom of the 6th over - 2 runs, 2 hits, 0 errors, 1 left on base; Durham 3 - Iowa 7
TOP OF THE 7TH
Durham Bulls batting - Pitching for Iowa Cubs : LHP Chad Edmonds
Now in CF: Chris Morris
Batting: LHB Jon Moore 0-0: Called Strike
0-1: Called Strike
0-2: Ball
1-2: Ball
2-2: Ball
3-2: Base on Balls
Batting: RHB Chris Adams 0-0: Swinging Strike
0-1: Foul Ball, location: 2F
0-2: Foul Ball, location: 3F
0-2: Ball
1-2: Strikes out swinging
Batting: RHB Tony Rincón 0-0: Foul Ball, location: 2F
0-1: Called Strike
0-2: Foul Ball, location: 2F
0-2: Strikes out swinging
Batting: RHB Cristián Baudillo 0-0: Called Strike
0-1: Foul Ball, location: 3F
0-2: Ball
1-2: Ball
2-2: Strikes out swinging
Top of the 7th over - 0 runs, 0 hits, 0 errors, 1 left on base; Durham 3 - Iowa 7
BOTTOM OF THE 7TH
Iowa Cubs batting - Pitching for Durham Bulls : LHP Ben Grundy
Batting: LHB Eric Roach 0-0: Ball
1-0: SINGLE (Groundball, 56D, EV 88.1 MPH) (infield hit)
Batting: RHB Jimmy Shaw 0-0: Grounds into double play, 6-4-3 (Groundball, 6, EV 88.8 MPH)
Batting: LHB Stan West 0-0: Called Strike
0-1: Foul Ball, location: 2F
0-2: Foul Ball, location: 9LSF
0-2: SINGLE (Groundball, 3D, EV 96.3 MPH)
Batting: RHB Jeff Jones 0-0: Called Strike
0-1: Swinging Strike
0-2: Ball
1-2: Ball
2-2: Strikes out looking
Bottom of the 7th over - 0 runs, 2 hits, 0 errors, 1 left on base; Durham 3 - Iowa 7
TOP OF THE 8TH
Durham Bulls batting - Pitching for Iowa Cubs : LHP Chad Edmonds
Pitching: RHP Bobby Rub
Batting: RHB Lou González 0-0: Called Strike
0-1: Ball
1-1: Foul Ball, location: 25F
1-2: Foul Ball, location: 2F
1-2: Fly out, F9 (Flyball, 89M, EV 93.1 MPH)
Batting: SHB Walt Howell 0-0: Ball
1-0: Fly out, F6 (Popup, 6M, EV 61.9 MPH)
Batting: LHB Heriberto Mellane 0-0: Called Strike
0-1: Fly out, F8 (Flyball, 8RD, EV 93.8 MPH)
Top of the 8th over - 0 runs, 0 hits, 0 errors, 0 left on base; Durham 3 - Iowa 7
BOTTOM OF THE 8TH
Iowa Cubs batting - Pitching for Durham Bulls : LHP Ben Grundy
Batting: RHB Wilson Díaz 0-0: Ground out 6-3 (Groundball, 6, EV 81.9 MPH)
Batting: RHB Donmaz Chavchavadze 0-0: Ball
1-0: SINGLE (Line Drive, 78S, EV 91.3 MPH)
Batting: RHB Chris Morris 0-0: Swinging Strike
0-1: Ball
1-1: Ball
2-1: Fielders Choice at 2nd, 4-6 (Groundball, 34, EV 99.4 MPH)
Batting: LHB Mauro Martínez 0-0: Ball
1-0: Foul Ball, location: 2F
1-1: SINGLE (Groundball, 34D, EV 95.6 MPH)
Chris Morris to second
Runner from 2nd tries for 3rd, SAFE, throw by RF made to third
Batting: RHB José Féliz 0-0: Ball
1-0: Called Strike
1-1: Called Strike
1-2: Ball
2-2: Strikes out swinging
Bottom of the 8th over - 0 runs, 2 hits, 0 errors, 2 left on base; Durham 3 - Iowa 7
TOP OF THE 9TH
Durham Bulls batting - Pitching for Iowa Cubs : RHP Bobby Rub
Pitching: RHP Raúl González
Batting: LHB Ron Johns 0-0: Ball
1-0: Called Strike
1-1: Foul Ball, location: 3SF
1-2: Strikes out swinging
Batting: RHB César Carrillo 0-0: Ball
1-0: Ground out 5-3 (Groundball, 56, EV 91.3 MPH)
Batting: LHB Jon Moore 0-0: Foul Ball, location: 7LMF
0-1: Fly out, F8 (Flyball, 78M, EV 89.4 MPH)
Top of the 9th over - 0 runs, 0 hits, 0 errors, 0 left on base; Durham 3 - Iowa 7
Wednesday, May 1st , 2024 - OOTP Baseball 24.10 Build 82